 Dungeon Crawl Stone Soup version 0.19-a0-1937-g70ed36a (webtiles) character file.

4795 hairmachine the Cleaver (level 10, -4/93 HPs)
             Began as a Hill Orc Abyssal Knight on Oct 25, 2016.
             Was a High Priest of Lugonu.
             Slain by a wyvern (12 damage)
             ... on level 9 of the Dungeon on Oct 26, 2016.
             The game lasted 00:46:35 (16272 turns).

hairmachine the Cleaver (Hill Orc Abyssal Knight)  Turns: 16272, Time: 00:46:38

Health: -4/93      AC: 10    Str: 24    XL:     10   Next: 48%
Magic:  7/15       EV:  7    Int: 12    God:    Lugonu [*****.]
Gold:   236        SH:  0    Dex: 10    Spells: 0 memorised, 9 levels left

rFire  + . .     SeeInvis .     I - +0 war axe (chop)
rCold  . . .     Gourm    .     r - +0 plate armour
rNeg   . . .     Faith    .     (no shield)
rPois  .         Spirit   .     (no helmet)
rElec  .         Reflect  .     z - +0 cloak
rCorr  .         Harm     .     p - +2 pair of gloves
MR     .....                    (no boots)
Stlth  ..........               (no amulet)
                                (no ring)
                                f - ring of protection from fire {rF+, !d}

@: mighty, corroded, drained
A: no striking features
a: Depart the Abyss, Bend Space, Banish, Corrupt, Enter the Abyss, Renounce
Religion


You were on level 9 of the Dungeon.
You worshipped Lugonu.
Lugonu was extremely pleased with you.
You were near starving.

You visited 1 branch of the dungeon, and saw 9 of its levels.
You visited the Abyss 1 time.
You also visited: Bailey.

You collected 528 gold pieces.
You spent 292 gold pieces at shops.


   Skills:
 + Level 9.9(9.7) Fighting
 - Level 11.0(10.7) Axes
 + Level 8.6(8.4) Armour
 - Level 0.7(0.5) Dodging
 - Level 7.7(7.4) Invocations
 + Level 3.1(2.8) Evocations


You had 9 spell levels left.
You didn't know any spells.

Inventory:

Hand Weapons
 a - a +1 hand axe
 C - the +4 dagger "Kitufoy Vagg" {pierce, rF+ rC+ Str-3}
   (You found it on level 7 of the Dungeon)

   It inflicts extra damage upon your enemies.
   It affects your strength (-3).
   It protects you from fire.
   It protects you from cold.
 F - a +2 mace of venom
   (You found it on level 8 of the Dungeon)
 I - a +0 war axe of chopping (weapon)
   (You took it off an orc warrior on level 9 of the Dungeon)
Missiles
 y - 3 tomahawks (quivered)
 J - 6 javelins
Armour
 p - a +2 pair of gloves (worn)
   (You found it on level 6 of the Dungeon)
 r - a +0 plate armour (worn)
   (You found it on level 2 of the Dungeon)
 z - a +0 cloak (worn)
   (You found it on level 7 of the Dungeon)
Jewellery
 f - a ring of protection from fire (left hand) {rF+, !d}
   (You found it on level 6 of the Dungeon)
 l - an uncursed ring of ice {rC+, rF-}
   (You took it off a goblin on level 1 of the Dungeon)
 w - an uncursed ring of wizardry {wiz+, !d}
   (You found it on level 1 of the Dungeon)
 G - a +3 ring of intelligence {unknown}
   (You found it on level 8 of the Dungeon)
Wands
 e - a wand of enslavement (5/24)
   (You found it on level 6 of the Dungeon)
 h - a wand of disintegration (6/24)
   (You found it on level 6 of the Dungeon)
 i - a wand of disintegration (15/24)
   (You found it on level 8 of the Dungeon)
Scrolls
 b - a scroll of enchant weapon {!r, unknown}
 d - 3 scrolls of remove curse {!r}
 g - 2 scrolls of blinking {!r}
 j - a scroll of vulnerability {!r, unknown}
 k - 3 scrolls of magic mapping {!r}
 m - 4 scrolls of enchant armour {!r}
 n - a scroll of fog {!r, unknown}
 q - 8 scrolls of identify {!r}
 t - a scroll of teleportation {!r}
 u - 2 scrolls of recharging {!r}
 B - a scroll of amnesia {!r, unknown}
Potions
 s - a potion of brilliance {!q}
 v - 3 potions of resistance {!q}
 D - a potion of might {!q}
 E - a potion of lignification {!q, unknown}
 H - 2 potions of magic {!q, unknown}
 K - 2 potions of heal wounds {!q, unknown}
Books
 x - a book of Callings
   (You found it on level 6 of the Dungeon)

   Spells                             Type                      Level
   a - Summon Small Mammal            Summoning                    1
   b - Call Imp                       Summoning                    2
   c - Call Canine Familiar           Summoning                    3
   d - Summon Guardian Golem          Hexes/Summoning              3
   e - Summon Lightning Spire         Summoning/Air                4
   f - Summon Ice Beast               Ice/Summoning                4
 L - a book of Battle
   (You found it on level 9 of the Dungeon)

   Spells                             Type                      Level
   a - Infusion                       Charms                       1
   b - Shroud of Golubria             Charms/Translocation         2
   c - Song of Slaying                Charms                       2
   d - Spectral Weapon                Hexes/Charms                 3
   e - Regeneration                   Charms/Necromancy            3
Comestibles
 c - 9 bread rations
 o - a slice of pizza
 A - 4 beef jerkies

Dungeon Overview and Level Annotations

Branches:
Dungeon (9/15)             Temple (0/1) D:5
   Lair: D:8-11         Orc: D:9-12

Altars:
Makhleb

Shops:
D:8 %   D:9 !?*

Annotations:
D:5 dobroeutro's ghost, novice CeHu
D:7 1 exclusion

####.#######..#.#####.#.#
....8...@l...............
###..########.#.#.#...#(# #
#...#.#...#.# #...#.#...#.#
##############...#.#..o#.#
########................#.#o..#.#
............[............<#...#.#
########............♣.....#o..#.#
#..............♣.∩.♣.......#.#
#....<#############♣##..###.##.#
#.....# #............. #.....#
#..#.#.##.##.# #.....#
#..#.......#.# #.....#
#..###..#..#.# #.....#
#..........#.. #.....##########
##.####...####


You could see a wyvern.


Message History

The crimson imp hits you but does no damage.
You closely miss the crimson imp.
The crimson imp is lightly wounded.
The crimson imp hits you but does no damage.
You closely miss the crimson imp.
The crimson imp blinks!
The crimson imp barely misses you.
You hit the crimson imp.
The crimson imp is heavily wounded.
The crimson imp hits you but does no damage.
You hit the crimson imp.
You kill the crimson imp!
y - 3 tomahawks (gained 1)
Found Veonuune's Magic Scroll Shoppe.
There is an entrance to Veonuune's Magic Scroll Shoppe here.
u - 2 scrolls of recharging {!r} (gained 1)
g - 2 scrolls of blinking {!r} (gained 1) Thank you for shopping at Veonuune's Magic Scroll Shoppe!
Found 19 arrows.
Unknown command.
Found Vidacoz's Distillery.
L - a book of Battle A brown ugly thing comes into view.
The brown ugly thing gurgles horribly!
Evoke which item? (* to show all) (? for menu, Esc to quit)
Zapping:
h - a wand of disintegration (9/24)
Press: ? - help, Shift-Dir - straight line, f - brown ugly thing
Aim: a brown ugly thing (chance to defeat MR: 55%)
The brown ugly thing is blasted.
This wand has 8 charges left.
Evoke which item? (* to show all) (? for menu, Esc to quit)
Zapping:
h - a wand of disintegration (8/24)
Press: ? - help, Shift-Dir - straight line, f/p - brown ugly thing
Aim: a brown ugly thing (lightly wounded, chance to defeat MR: 55%)
The brown ugly thing is blasted.
This wand has 7 charges left.
Evoke which item? (* to show all) (? for menu, Esc to quit)
Zapping:
h - a wand of disintegration (7/24)
Press: ? - help, Shift-Dir - straight line, f/p - brown ugly thing
Aim: a brown ugly thing (heavily wounded, chance to defeat MR: 55%)
The brown ugly thing resists with significant effort.
This wand has 6 charges left.
The brown ugly thing engulfs you but does no damage.
You closely miss the brown ugly thing.
The brown ugly thing is heavily wounded.
The brown ugly thing engulfs you!
You are splashed with acid!
The acid burns!
A wyvern comes into view.
Damage: -17%(-16hp) hp: 83%(76hp)
You completely miss the brown ugly thing.
The brown ugly thing is heavily wounded.
The brown ugly thing barely misses you.
You hit the brown ugly thing.
The brown ugly thing is heavily wounded.
The brown ugly thing engulfs you but does no damage.
You hit the brown ugly thing.
The brown ugly thing is heavily wounded.
The brown ugly thing engulfs you.
You are splashed with acid!
The acid burns!
Damage: -11%(-10hp) hp: 73%(67hp)
You hit the brown ugly thing.
The brown ugly thing is severely wounded.
The brown ugly thing barely misses you.
Unknown command.
You hit the brown ugly thing.
The brown ugly thing is severely wounded.
The brown ugly thing engulfs you.
* * * LOW HITPOINT WARNING * * *
The acid corrodes you!
You are splashed with acid!
The acid burns!
* * * LOW HITPOINT WARNING * * *
Huge Dmg: -15%(-14hp) hp: 58%(53hp)
Press: ? - help, Shift-Dir - straight line, f/p - brown ugly thing
Aim: a brown ugly thing (severely wounded, chance to defeat MR: 71%)
The brown ugly thing struggles to resist.
You are near starving!
The brown ugly thing engulfs you.
* * * LOW HITPOINT WARNING * * *
The acid corrodes you!
You are splashed with acid!
The acid burns!
* * * LOW HITPOINT WARNING * * *
Huge Dmg: -14%(-13hp) hp: 44%(40hp)
Press: ? - help, Shift-Dir - straight line, f/p - brown ugly thing
Aim: a brown ugly thing (severely wounded, chance to defeat MR: 71%)
The brown ugly thing is devoured by a tear in reality.
Lugonu claims a new guest.
Your base Evocations skill increases to level 3!
You feel somewhat more hungry. The wyvern bites you.
* * * LOW HITPOINT WARNING * * *
Damage: -6%(-5hp) hp: 38%(35hp) Unknown command.
You hit the wyvern but do no damage. The wyvern bites you.
* * * LOW HITPOINT WARNING * * *
Damage: -5%(-5hp) hp: 33%(30hp)
You slash the wyvern!
The wyvern is heavily wounded.
The wyvern bites you!
* * * LOW HITPOINT WARNING * * *
The wyvern hisses menacingly.
The wyvern bites you!
* * * LOW HITPOINT WARNING * * *
Huge Dmg: -24%(-22hp) hp: 9%(8hp) Really quaff
D - 2 grey potions {!q}?
It was a potion of might {!q}.
You feel very mighty all of a sudden. The wyvern bites you!
You die...

Vault maps used:
D:1:      tarquinn_simple_flora_water_c, corner_web_ring, minmay_tall_x
D:2:      minivault_26, minmay_quantized
D:3:      first_bread, uniq_natasha
D:4:      makhleb_blood_cavern_becter, uniq_sigmund
D:5:      uniq_duvessa
D:7:      serial_bayou_pond_b, grunt_ogre_cave, kennysheep_generic_room_6
D:8:      serial_shops, shop
D:9:      serial_shops, nicolae_shop_statue_plus, nicolae_shop_trees,
          nicolae_shop_trees, enter_bailey_8, minmay_diamond_spiral
Bailey:   bailey_polearm_4, bailey

Notes
Turn   | Place    | Note
-------+----------+-------------------------------------------
     0 | Abyss:1  | hairmachine the Hill Orc Abyssal Knight began the quest for the Orb.
     0 | Abyss:1  | Reached XP level 1. HP: 19/19 MP: 2/2
    69 | D:1      | Escaped the Abyss
   194 | D:1      | Reached skill level 3 in Axes
   339 | D:1      | Reached XP level 2. HP: 26/26 MP: 3/3
   390 | D:1      | Reached skill level 4 in Axes
   960 | D:1      | Reached XP level 3. HP: 31/31 MP: 4/4
  1162 | D:1      | Reached ** piety under Lugonu
  1199 | D:1      | Reached skill level 5 in Axes
  1556 | D:2      | Reached XP level 4. HP: 36/39 MP: 5/5
  1740 | D:2      | Reached skill level 6 in Axes
  2338 | D:2      | Reached XP level 5. HP: 43/46 MP: 6/6
  2735 | D:3      | Reached *** piety under Lugonu
  2762 | D:3      | Upgraded the game from 0.19-a0-1932-g59670f6 to 0.19-a0-1937-g70ed36a
  3119 | D:3      | Noticed Natasha
  3122 | D:3      | Killed Natasha
  3122 | D:3      | Reached skill level 7 in Axes
  3480 | D:3      | Reached XP level 6. HP: 52/52 MP: 7/7
  3492 | D:3      | Noticed p0werm0de's ghost (amateur DsAE)
  3526 | D:3      | Killed p0werm0de's ghost
  4249 | D:3      | Noticed Natasha
  4265 | D:3      | Killed Natasha
  4265 | D:3      | Reached skill level 5 in Fighting
  4483 | D:4      | Noticed Sigmund
  4525 | D:4      | Killed Sigmund
  4525 | D:4      | Reached skill level 8 in Axes
  4525 | D:4      | Reached XP level 7. HP: 29/62 MP: 8/8
  5683 | D:4      | Got a brightly glowing leather armour
  5751 | D:4      | Found a burning altar of Makhleb.
  6109 | D:4      | Identified the +2 leather armour of Impressiveness {rC+ rN+ Int-2 Dex+6} (You found it on level 4 of the Dungeon)
  6116 | D:5      | Entered Level 5 of the Dungeon
  6116 | D:5      | Found a staircase to the Ecumenical Temple.
  6293 | D:5      | Reached skill level 5 in Armour
  6293 | D:5      | Reached XP level 8. HP: 53/71 MP: 8/10
  6636 | D:5      | Reached **** piety under Lugonu
  6695 | D:5      | Noticed Duvessa
  6720 | D:5      | Noticed Dowan
  6756 | D:4      | Killed Duvessa
  6768 | D:4      | Killed Dowan
  6768 | D:4      | Reached skill level 9 in Axes
  7216 | D:5      | Noticed dobroeutro's ghost (novice CeHu)
  9293 | D:7      | Reached skill level 5 in Invocations
  9958 | D:6      | Reached XP level 9. HP: 34/80 MP: 12/12
 11578 | D:7      | Reached skill level 10 in Axes
 13097 | D:7      | Got a polished dagger
 13763 | D:7      | Reached XP level 10. HP: 72/91 MP: 15/15
 14073 | D:7      | Reached ***** piety under Lugonu
 14426 | D:8      | Reached skill level 11 in Axes
 14484 | D:8      | Identified the +4 dagger "Kitufoy Vagg" {pierce, rF+ rC+ Str-3} (You found it on level 7 of the Dungeon)
 14716 | D:8      | Reached skill level 1 in Evocations
 15349 | D:8      | Found Pugappoy's Food Shop.
 15524 | D:9      | Found a flagged portal.
 15538 | Bailey   | Entered a bailey
 16121 | D:9      | Found Zeonkea's Assorted Antiques.
 16126 | D:9      | Bought a scroll of teleportation for 72 gold pieces
 16228 | D:9      | Found Veonuune's Magic Scroll Shoppe.
 16236 | D:9      | Bought a scroll of recharging for 123 gold pieces
 16236 | D:9      | Bought a scroll of blinking for 97 gold pieces
 16245 | D:9      | Found Vidacoz's Distillery.
 16249 | D:9      | Noticed a brown ugly thing
 16269 | D:9      | Banished a brown ugly thing
 16272 | D:9      | Slain by a wyvern

Vanquished Creatures
  A hippogriff (D:9)
  Sigmund (D:4)
  A hungry ghost (D:7)
  A water moccasin (D:7)
  Duvessa (D:4)
  2 orc warriors
  3 sky beasts
  An ice beast (D:7)
  A black bear (D:7)
  4 phantoms
  5 centaurs
  An ogre (D:7)
  The ghost of p0werm0de the Insei, an amateur DsAE (D:3)
  2 big kobolds
  8 bullfrogs
  2 wyvern zombies
  Dowan (D:4)
  2 scorpions
  3 killer bees (D:7)
  2 howler monkeys (D:7)
  A crimson imp (D:9)
  7 hounds
  4 orc wizards
  A bullfrog zombie (D:7)
  3 jellies (D:7)
  A centaur skeleton (D:9)
  A bullfrog skeleton (D:7)
  Natasha (twice) (D:3)
  5 worker ants
  2 iguanas
  2 hound zombies
  A worker ant zombie (D:5)
  4 gnolls
  A howler monkey skeleton (D:4)
  13 adders
  3 shadow imps
  5 oozes
  An adder zombie (D:7)
  A worm (D:2)
  6 dart slugs
  3 leopard geckos
  15 orcs
  7 giant cockroaches
  12 goblins
  4 hobgoblins
  20 jackals
  18 kobolds
  A quokka (D:6)
  A ball python (D:2)
  9 bats
  8 frilled lizards
  3 leopard gecko skeletons
  A leopard gecko zombie (D:5)
  A quokka skeleton (D:5)
  8 rats
218 creatures vanquished.

Action                   |  1- 3 |  4- 6 |  7- 9 | 10-12 || total
-------------------------+-------+-------+-------+-------++-------
Melee: Hand axe          |   117 |   283 |  1001 |   164 ||  1565
       War axe           |       |       |       |    35 ||    35
       Mace              |       |       |       |    15 ||    15
Throw: Tomahawk          |       |       |     6 |    10 ||    16
Invok: Bend Space        |       |       |     4 |       ||     4
       Banish            |       |       |       |     2 ||     2
Evoke: Wand              |       |       |     9 |     8 ||    17
  Use: Potion            |       |     5 |     1 |     1 ||     7
       Scroll            |       |       |    11 |     2 ||    13
  Eat: Chunk             |     2 |    10 |    19 |     4 ||    35
       Bread ration      |       |       |     2 |       ||     2
       Beef jerky        |       |       |     1 |     3 ||     4
       Meat ration       |       |       |     1 |       ||     1
       Royal jelly       |       |       |     1 |       ||     1
Armor: Leather armour    |    18 |       |       |       ||    18
       Ring mail         |    25 |    27 |       |       ||    52
       Plate armour      |       |   115 |   782 |   148 ||  1045
Dodge: Dodged            |    58 |    77 |   232 |    67 ||   434

Skill      XL: |  1  2  3  4  5  6  7  8  9 10 |
---------------+-------------------------------+-----
Axes           | 3 4 5 6 7 8 9 10 11 | 11.0
Fighting       | 4 5 6 7 9 |  9.9
Armour         | 4 5 6 7 8 |  8.6
Invocations    | 3 5 7 |  7.7
Evocations     | 3 |  3.1
Dodging        | |  0.7
